 Dungeon Crawl Stone Soup version 0.30-a0-1163-gf69bf04e7a (webtiles) character file.

Game seed: 7032802330550077961

11 mandoloar the Insei (level 2, 18/18 HPs)
             Began as an Octopode Transmuter on Apr 29, 2023.
             Quit the game on level 1 of the Dungeon.
             The game lasted 00:02:44 (666 turns).

mandoloar the Insei (Octopode Transmuter)            Turns: 666, Time: 00:02:44

Health: 18/18      AC:  1    Str:  9    XL:     2   Next: 29%
Magic:  5/5        EV: 13    Int: 15    God:
Gold:   32         SH:  0    Dex: 12    Spells: 2/5 levels left

rFire   . .          .
                       - Unarmed
rCold   . . .        (no shield)
rNeg    . . .        (helmet restricted)
rPois   .            (no amulet)
rElec   .            (no ring)
rCorr   .            (no ring)
SInv    .            (no ring)
Will    .....        (no ring)
Stlth   ++           (no ring)
HPRegen 0.23/turn    (no ring)
MPRegen 0.09/turn    (no ring)
                     (no ring)

%: no passive effects
@: no status effects
A: almost no armour, amphibious, 8 rings, camouflage 1, gelatinous body 1,
(nimble swimmer 1), tentacles
a: no special abilities


You were on level 1 of the Dungeon.
You visited 1 branch of the dungeon, and saw 1 of its levels.

You collected 32 gold pieces.

Inventory:

Hand Weapons
 a - a +0 dagger
Missiles
 j - 5 stones
Scrolls
 b - a scroll of torment {unknown}
 d - a scroll of fog {unknown}
Potions
 c - a potion of lignification


   Skills:
 + Level 1.2 Fighting
 + Level 2.2 Dodging
 + Level 3.1 Unarmed Combat
 + Level 2.1 Spellcasting
 + Level 2.2 Transmutations


You had 2 spell levels left.
You knew the following spells:

 Your Spells              Type           Power      Damage    Failure   Level
a - Beastly Appendage     Tmut           16%        N/A       9%          1
b - Wereblood             Tmut           8%         N/A       14%         2

Your spell library contained the following spells:

 Spells                   Type           Power      Damage    Failure   Level
 Spider Form              Tmut/Pois      4%         N/A       38%         3
 Ice Form                 Ice/Tmut       4%         N/A       80%         4


Dungeon Overview and Level Annotations

Branches:
Dungeon (1/15)

Altars:


Innate Abilities, Weirdness & Mutations

You cannot wear most types of armour.
You are amphibious.
You can wear up to eight rings at the same time.
Your skin changes colour to match your surroundings (Stealth+).
Your rubbery body absorbs attacks. (AC +1, EV +1)
((You are camouflaged when in or above water. (Stealth+)))
You have tentacles for arms and can constrict up to eight enemies at once.


Message History

Your grab misses the rat.
Your tentacle spike misses the rat.
You tentacle-slap the rat. You grab the rat.
You pierce the rat.
You kill the rat!
Your transformation is almost over.
Your tentacle spike disappears.
You now have 25 gold pieces (gained 8).
d - a scroll labelled COASISTROUB You now have 32 gold pieces (gained 7).
An endoplasm comes into view.
You miscast Beastly Appendage.
You are very lightly contaminated with residual magic.
Nothing appears to happen.
You tentacle-slap the endoplasm but do no damage.
The endoplasm closely misses you.
One of your tentacles grows a vicious spike.
The endoplasm hits you but does no damage.
You tentacle-slap the endoplasm. You squeeze the endoplasm.
The endoplasm is almost dead.
The endoplasm freezes you.
You are frozen.
You tentacle-slap the endoplasm.
You kill the endoplasm!
Your transformation is almost over.
Your magical contamination has completely faded away.
Your tentacle spike disappears.
An endoplasm comes into view.
One of your tentacles grows a vicious spike.
The helpless endoplasm fails to defend itself.
You tentacle-slap the endoplasm. You squeeze the endoplasm.
The endoplasm is moderately wounded.
Your transformation is almost over.
The endoplasm hits you.
You tentacle-slap the endoplasm but do no damage.
You pierce the endoplasm.
You kill the endoplasm!
HP restored.
Your tentacle spike disappears.
A ball python comes into view.
A ball python is nearby!
Are you sure you want to abandon this character and quit the game? (Confirm with "yes".)

#####...............
#.....##.#######.###
.####....#### #.###
## #....##....#
#...# ...
#.########.# ###.#
.... #.# #.#####.#
J.... #.# #.......#
....S.#.# #########
......#@# ......#
......#.# ####.#
......#.# #.#
#######.# ## ...#
.......####.. #.####
#########.....#####
........# .........
........#


You could see an endoplasm (asleep) and a ball python (asleep).

Vanquished Creatures
  A bat (D:1)
  7 endoplasms (D:1)
  A rat (D:1)
9 creatures vanquished.

Notes
Turn   | Place    | Note
-------+----------+-------------------------------------------
     0 | D:1      | mandoloar the Octopode Transmuter began the quest for the
                  | Orb.
     0 | D:1      | Reached XP level 1. HP: 13/13 MP: 3/3
   179 | D:1      | Reached XP level 2. HP: 16/18 MP: 3/5
   182 | D:1      | Learned a level 2 spell: Wereblood
   666 | D:1      | Quit the game

Illustrated notes

Levels and vault maps discovered:
D:1:      saegor_arrival_miasma, layout_rooms, serial_co_window_serial,
          co_window_paths_b, co_window_corner_a, co_window_paths_a,
          co_window_paths_a, co_window_cross_1, co_window_paths_a,
          co_window_corner_a, co_window_corner_cb, co_window_cross_3,
          co_window_corner_b, co_window_broadway_b, co_window_paths_c,
          co_window_paths_c, co_window_2corner, co_window_4corner_a,
          co_window_4corner_b, glass_columns_b, glass_columns_c,
          glass_columns_b, glass_columns_a, glass_columns_a

Action                     || total
---------------------------++-------
  Melee: Unarmed           ||    24
         Kick              ||     6
         Tentacles         ||     4
         Constrict         ||     2
   Cast: Beastly Appendage ||     9
   Stab: Sleeping          ||     3
 Armour: Skin              ||     3
  Dodge: Dodged            ||    13

Table legend: (Time is in decaauts)
 A = Elapsed time spent in this place.
 B = Non-inter-level travel time spent in this place.
 C = Inter-level travel time spent in this place.
 D = Time resting spent in this place.
 E = Time spent auto-exploring this place.
 F = Levels seen in this place.
 G = Mean time per level.
                   A        B        C        D        E       F      G
               +--------+--------+--------+--------+--------+-----+--------+
         Total |    664 |    664 |      0 |    151 |    419 |   1 |  664.0 |
       Dungeon |    664 |    664 |      0 |    151 |    419 |   1 |  664.0 |
               +--------+--------+--------+--------+--------+-----+--------+

Top non-repeatable levels by time:
     D:1: 664 daAuts
